 Dungeon Sprint DCSS version 0.18-a0-1643-gb89d9db (webtiles) character file.

36 Kidiri the Skirmisher (level 3, -17/39 HPs)
             Began as a Naga Fighter on Mar 28, 2016.
             Was an Initiate of Cheibriados.
             Killed from afar by Naorot the pandemonium lord (34 damage)
             ... with a ball of steam
             ... in the Dungeon (Sprint V: "Ziggurat Sprint").
             The game lasted 00:01:23 (148 turns).

Kidiri the Skirmisher (Naga Fighter)                 Turns: 148, Time: 00:01:23

Health: -17/39     AC: 22    Str: 32    XL:     3   Next: 37%
Magic:  0/5        EV:  0    Int:  9    God:    Cheibriados [......]
Gold:   0          SH: 28    Dex: 11    Spells: 0 memorised, 2 levels left

rFire  . . .     SeeInvis +     a - +6 shillelagh "Devastator" {shatter}
rCold  . . .     Gourm    .     b - +15 Maxwell's patent armour {-Cast -Tele rElec MR+ rCorr}
rNeg   + . .     Faith    .     c - +18 shield of the gong {rElec rN+ MR+ EV-5}
rPois  +         Spirit   .     (no helmet)
rElec  +         Dismiss  .     (no cloak)
rCorr  +         Reflect  .     (no gloves)
SustAt .         Harm     .     (no barding)
MR     ++...     NoTele   +     (no amulet)
Stlth  .......... NoCast   +    q - +6 ring of strength
                                p - +6 ring of strength

@: very slow, very resistant to hostile enchantments, extremely unstealthy
A: see invisible, deformed body, poison resistance, slowness 2, slow metabolism
1, spit poison 2, AC +1
a: Spit Poison, Bend Time, Renounce Religion


You were in the Dungeon.
You worshipped Cheibriados.
Cheibriados was noncommittal.
You were not hungry.

You visited 1 branch

Inventory:

Hand Weapons
 a - the +6 shillelagh "Devastator" (weapon) {shatter}
   (You found it in the Dungeon)
Armour
 b - the +15 Maxwell's patent armour (worn) {-Cast -Tele rElec MR+ rCorr}
   (You found it in the Dungeon)

   It insulates you from electricity.
   It affects your resistance to hostile enchantments.
   It prevents spellcasting.
   It prevents most forms of teleportation.
   It protects you from acid and corrosion.
 c - the +18 shield of the gong (worn) {rElec rN+ MR+ EV-5}
   (You found it in the Dungeon)

   It affects your evasion (-5).
   It insulates you from electricity.
   It protects you from negative energy.
   It affects your resistance to hostile enchantments.
Jewellery
 p - a +6 ring of strength (left hand)
 q - a +6 ring of strength (right hand)
Wands
 l - a wand of disintegration (7/24)
 m - a wand of iceblast (5/15)
 n - a wand of lightning (5/15)
 o - a wand of acid (5/15)
Scrolls
 k - 4 scrolls of blinking
 t - 4 scrolls of amnesia
 u - 3 scrolls of recharging
 v - 7 scrolls of fog
 w - a scroll of holy word
 x - 5 scrolls of identify
 y - 5 scrolls of remove curse
 z - 2 scrolls of fear
Potions
 d - 6 potions of might
 e - 10 potions of curing
 g - 10 potions of heal wounds
 i - 7 potions of magic
 A - 2 potions of brilliance
 B - 2 potions of invisibility
 C - 4 potions of resistance
 E - 5 potions of agility
Comestibles
 f - 5 bread rations
 h - a chunk of flesh
 r - 42 fruits
 s - 4 meat rations


   Skills:
 * Level 5.0 Fighting
 + Level 3.3 Maces & Flails
 * Level 4.1 Armour
 + Level 2.0 Dodging
 * Level 4.1 Shields
 + Level 2.7 Invocations


You had 2 spell levels left.
You didn't know any spells.

Dungeon Overview and Level Annotations

Branches:
Dungeon (1/1)

Altars:
Ashenzari
Cheibriados
Dithmenos
Elyvilon
Fedhas
Gozag
Kikubaaqudgha
Makhleb
Nemelex Xobeh
Okawaru
Pakellas
Qazlal
Ru
Sif Muna
Trog
Vehumet
Xom
Yredelemnul
Zin
The Shining One
Beogh
Jiyva
Lugonu


Innate Abilities, Weirdness & Mutations

You cannot wear boots.
Your serpentine skin is tough (AC +1).
You have supernaturally acute eyesight.
Armour fits poorly on your strangely shaped body.
Your system is resistant to poisons.
You cover ground very slowly.
You have a slow metabolism.
You can spit poison.


Message History

BONNNG!
The crimson imp blinks!
Naorot launches a ball of destructive magic.
You block the orb of destruction.
BOUMMMMG!
The sixfirhy hits you but does no damage.
You hit Naorot.
Naorot and the sixfirhy shudder.
The sixfirhy is severely wounded.
Naorot is lightly wounded.
The sixfirhy hits you but does no damage.
You block the sixfirhy's attack.
GONNNNG!
You block the sixfirhy's attack.
GONNNNG!
Naorot hits you but does no damage. You block the sixfirhy's attack.
GONNNNG!
Naorot gestures at you. The ball of steam hits you!
Ouch! That really hurt!
You die...

▓▓▓▓▓▓▓▓▓▓▓▓▓
▓.8©8.▓.8©8.▓
▓.:|).▓.....▓
▓.....▓.}.=.▓
▓.....▓.....▓
▓..5..▓.%...▓
▓..&4.▓.....▓
▓.§@..▓▓▓▓▓▓▓
▓▓▓▓▓▓▓


You could see Naorot, a sixfirhy and a crimson imp.

Vanquished Creatures
  A sheep (D)
  A river rat (D)
2 creatures vanquished.

Notes
Turn   | Place    | Note
--------------------------------------------------------------
     0 | D        | Kidiri the Naga Fighter began the quest for the Orb.
     0 | D        | Reached XP level 1. HP: 21/21 MP: 1/1
     2 | D        | Found an iron altar of Okawaru.
     2 | D        | Found a radiant altar of Vehumet.
     2 | D        | Found a shimmering altar of Xom.
     2 | D        | Found a burning altar of Makhleb.
     2 | D        | Found a deep blue altar of Sif Muna.
    10 | D        | Found a bloodstained altar of Trog.
    11 | D        | Found a sparkling altar of Nemelex Xobeh.
    11 | D        | Found a white marble altar of Elyvilon.
    11 | D        | Found a corrupted altar of Lugonu.
    11 | D        | Found a roughly hewn altar of Beogh.
    15 | D        | Found a viscous altar of Jiyva.
    68 | D        | Became a worshipper of Cheibriados the Contemplative
    94 | D        | Reached skill level 4 in Fighting
    94 | D        | Reached skill level 1 in Dodging
    94 | D        | Reached XP level 2. HP: 27/31 MP: 1/3
   126 | D        | Entered arena 1.
   128 | D        | Reached XP level 3. HP: 38/38 MP: 4/4
   128 | D        | Reached skill level 5 in Fighting
   144 | D        | Entered arena 2.
   144 | D        | Noticed Naorot the pandemonium lord
   144 | D        | Noticed a sixfirhy
   148 | D        | Killed from afar by Naorot the pandemonium lord

Vault maps used:
D:        sprint_v

Skill      XL: |  1  2  3 |
---------------+----------+-----
Fighting       | 4 5 |  5.0
Maces & Flails | 3 |  3.3
Armour         | 3 4 |  4.1
Dodging        | 1 2 |  2.0
Shields        | 3 4 |  4.1
Invocations    | 2 |  2.7

Action                   || total
-------------------------++-------
Melee: Shillelagh        ||     6
  Use: Potion            ||     1
